 Dungeon Crawl Stone Soup version 0.30-a0-145-g03d90e2e6d (webtiles) character file.

Game seed: 7892777771139188702

140 qw the Chopper (level 5, -3/32 HPs)
             Began as a Gargoyle Fighter on Sept 26, 2022.
             Slain by an orc
             ... wielding a +0 morningstar
              (7 damage)
             ... on level 3 of the Dungeon.
             The game lasted 00:00:44 (2001 turns).

qw the Chopper (Gargoyle Fighter)                   Turns: 2001, Time: 00:00:44

Health: -3/32      AC: 13    Str: 21    XL:     5   Next: 23%
Magic:  0/5        EV:  7    Int:  9    God:
Gold:   167        SH:  0    Dex:  9    Spells: 4/4 levels left

rFire   . . .      SeeInvis .    Y - +0 war axe
rCold   . . .      Faith    .    c - +0 buckler
rNeg    + . .      Spirit   +    f - +0 chain mail
rPois   inf        Reflect  .    (no helmet)
rElec   +          Harm     .    (no cloak)
rCorr   .          Rampage  .    (no gloves)
Will    .....                    (no boots)
Stlth   ..........               k - amulet of guardian spirit
HPRegen 0.10/turn                (no ring)
MPRegen 0.09/turn                (no ring)

@: confused
A: sickness immunity, AC +4, negative energy resistance 1, electricity
resistance, torment resistance 1, petrification resistance
a: no special abilities


You were on level 3 of the Dungeon.
You visited 1 branch of the dungeon, and saw 3 of its levels.

You collected 167 gold pieces.


Innate Abilities, Weirdness & Mutations

You are immune to sickness and miasma.
Your stone body is resilient. (AC +4)
You are immune to poison.
You resist negative energy. (rN+)
You are resistant to electric shocks. (rElec)
You are resistant to unholy torment.
You are immune to petrification.


   Skills:
 - Level 3.2 Fighting
 + Level 4.8 Axes
 - Level 3.2 Armour
 - Level 3.2 Shields


You had 4 spell levels left.
You didn't know any spells.
Your spell library was empty.

Inventory:

Hand Weapons
 l - the +3 flail of Deimo {freeze, Int+4 Dex+5}
   (You found it on level 2 of the Dungeon)

   It freezes those it strikes, dealing additional cold damage.
   It can also slow down cold-blooded creatures.
   Int:       It affects your intelligence (+4).
   Dex:       It affects your dexterity (+5).
 Y - a +0 war axe (weapon)
Missiles
 e - 2 boomerangs (quivered)
Armour
 c - a +0 buckler (worn)
 f - a +0 chain mail (worn)
Jewellery
 k - an amulet of guardian spirit (around neck)
Scrolls
 b - a scroll of identify
 n - a scroll of noise {unknown}
 o - a scroll of amnesia {unknown}
Potions
 a - a potion of ambrosia {unknown}
 d - a potion of might
 g - a potion of degeneration {unknown}
 h - a potion of lignification {unknown}
 i - a potion of resistance {unknown}
 m - a potion of mutation {unknown}

Dungeon Overview and Level Annotations

Branches:
Dungeon (3/15)

Altars:


Message History

You kill the orc priest!
You miss something.
You hear some strange, mumbled words.
You are confused.
An orc wizard and an orc come into view.
The orc wizard shouts!
The orc shouts!
The orc priest hits you but does no damage.
Something hits you but does no damage.
Items here: % )) [.
You slash the orc priest!
The orc priest is almost dead.
You completely miss something.
The orc priest hits you but does no damage.
An orc comes into view. It is wielding a +0 dagger.
Something hits you but does no damage.
The orc priest miscasts a cantrip.
Something hits you but does no damage.
The orc moves out of view.
You hit the orc priest.
You kill the orc priest!
You completely miss something.
The orc wizard gestures at you while chanting.
You are more confused.
Something hits you but does no damage.
You have reached level 5!
The orc wizard casts a spell at you. The magic dart hits you.
You hear some strange, mumbled words.
A puff of flame appears from out of thin air!
The puff of flame hits you!
Items here: % )) [[.
You miss the orc wizard. You miss something.
The orc wizard hits you but does no damage.
You hear some strange, mumbled words.
A magic dart appears from out of thin air!
The magic dart hits you.
You slash the orc wizard!
The orc wizard is severely wounded.
You miss something. You hit the orc. The orc hits you with a +0 morningstar!
You die...

##.## #. .. #####.## #..
..#
....%..######..######..#
#####.........<........#
##.######..#.......#
#.#.......(.....<.#
#.#.##..........#
#.#.##.# #.oo...#
#.#.##.# #{@#.....o
#......###).#######
####.#...).........
#.############## ..#
####


You could see an orc wizard and an orc.

Vanquished Creatures
  2 orc priests (D:3)
  4 adders
  A dart slug (D:1)
  3 orcs (D:3)
  3 ball pythons (D:1)
  4 bats (D:1)
  5 endoplasms
  A giant cockroach (D:2)
  A goblin (D:1)
  2 hobgoblins
  4 jackals (D:1)
  A quokka (D:1)
  4 frilled lizards (D:1)
  6 kobolds
  A rat (D:1)
42 creatures vanquished.

Notes
Turn   | Place    | Note
-------+----------+-------------------------------------------
     0 | D:1      | qw the Gargoyle Fighter began the quest for the Orb.
     0 | D:1      | Reached XP level 1. HP: 14/14 MP: 1/1
     0 | D:1      | 0 ||| qw: Version: 0.2-a-10-g399e6c4
     0 | D:1      | 0 ||| qw: Game counter: 508
     0 | D:1      | 0 ||| qw: Always use a shield: true
     0 | D:1      | 0 ||| qw: God list: Okawaru
     0 | D:1      | 0 ||| qw: Allow faded altars: false
     0 | D:1      | 0 ||| qw: Do Orc after D:15 true
     0 | D:1      | 0 ||| qw: Do second Lair branch before Depths: true
     0 | D:1      | 0 ||| qw: Lair rune preference: random
     0 | D:1      | 0 ||| qw: Plans: Normal, Zot:1-4, God:TSO, Crypt, Tomb,
                  | Pan, Slime:5, Hells, Abyss, Orb
     0 | D:1      | 0 ||| PLANNING D:1-11
   196 | D:1      | Reached skill level 2 in Axes
   328 | D:1      | Reached XP level 2. HP: 19/19 MP: 2/2
   498 | D:1      | 498 ||| Stepping ~*~*~tactically~*~*~ (stealth).
   687 | D:1      | Reached skill level 3 in Axes
   771 | D:1      | Reached XP level 3. HP: 23/23 MP: 3/3
  1163 | D:1      | 1163 ||| UPGRADING to amulet of guardian spirit.
  1168 | D:1      | 1168 ||| READING scroll labelled PUURESOSEE.
  1169 | D:1      | 1169 ||| READING scroll labelled GEZESHY POADUCW.
  1170 | D:1      | 1170 ||| DRINKING 3 dark potions.
  1215 | D:2      | 1215 ||| DROPPING +0 club.
  1530 | D:2      | Found a faded altar of an unknown god.
  1582 | D:2      | Identified the +3 flail of Deimo {freeze, Int+4 Dex+5}
  1584 | D:2      | 1584 ||| DROPPING +0 whip.
  1622 | D:2      | Reached XP level 4. HP: 26/28 MP: 4/4
  1852 | D:2      | 1852 ||| UPGRADING to +0 chain mail.
  1862 | D:2      | 1862 ||| DROPPING +0 scale mail.
  1863 | D:2      | 1863 ||| READING scroll labelled ZOITZA PYW.
  1920 | D:3      | Reached skill level 4 in Axes
  1966 | D:3      | 1966 ||| Stepping ~*~*~tactically~*~*~ (stealth).
  1978 | D:3      | 1978 ||| Stepping ~*~*~tactically~*~*~ (hiding).
  1979 | D:3      | 1979 ||| Stepping ~*~*~tactically~*~*~ (stealth).
  1991 | D:3      | 1991 ||| DRINKING 2 potions of curing.
  1991 | D:3      | 1991 ||| (to cure confusion)
  1993 | D:3      | 1993 ||| DRINKING potion of curing.
  1993 | D:3      | 1993 ||| (to cure confusion)
  1999 | D:3      | Reached XP level 5. HP: 17/32 MP: 3/5
  2000 | D:3      | HP: 4/32 [something/magic dart (5)]
  2001 | D:3      | Slain by an orc

Levels and vault maps discovered:
D:1:      spicycebolla_arrival_clurvy, layout_basic
D:2:      layout_basic, basic_ecumenical_altar
D:3:      layout_loops_ring, amcnicky_altar_gilded, uniq_sigmund

Skill      XL: |  1  2  3  4 |
---------------+-------------+-----
Axes           | 2 3 4 |  4.8
Fighting       | |  3.2
Armour         | |  3.2
Shields        | |  3.2

Action                   |  1- 3 |  4- 6 || total
-------------------------+-------+-------++-------
Melee: War axe           |    98 |    34 ||   132
Throw: Boomerang         |    16 |     6 ||    22
  Use: Scroll            |     2 |     1 ||     3
       Potion            |     1 |     2 ||     3
Armor: Scale mail        |    60 |     4 ||    64
       Chain mail        |       |    20 ||    20
Dodge: Dodged            |    60 |     9 ||    69
Block: Buckler           |    22 |     9 ||    31

Table legend:
 A = Non-vault XP
 B = Vault XP
 C = Vault XP percentage of total XP
 D = Non-vault monster count
 E = Vault monster count
 F = Vault count percentage of total count
                 A         B        C        D         E       F
            +---------+---------+-------+---------+---------+-------
      Total |     201 |       0 |   0.0 |      42 |       0 |   0.0
            +---------+---------+-------+---------+---------+-------
        D:1 |      40 |       0 |   0.0 |      25 |       0 |   0.0
        D:2 |      50 |       0 |   0.0 |       9 |       0 |   0.0
        D:3 |     111 |       0 |   0.0 |       8 |       0 |   0.0
            +---------+---------+-------+---------+---------+-------
